 Dungeon Crawl Stone Soup version 0.23.2-33-g5129a83184 (webtiles) character file.

Game seed: 16236298067987266892

24610 troglodite the Thaumaturge (level 13, 0/88 HPs)
             Began as a Gnoll Wanderer on July 1, 2019.
             Was an Elder of Hepliaklqana.
             Slain by an orc wizard
             ... wielding a +0 dagger
              (7 damage)
             ... while paralysed by an orc sorcerer
             ... on level 2 of the Orcish Mines.
             The game lasted 00:57:32 (22082 turns).

troglodite the Thaumaturge (Gnoll Wanderer)        Turns: 22082, Time: 00:57:33

Health: 0/88       AC: 11    Str: 14    XL:     13   Next: 14%
Magic:  26/27      EV:  2    Int: 19    God:    Hepliaklqana [****..]
Gold:   1406       SH:  0    Dex: 18    Spells: 14/33 levels left

rFire    + . .     SeeInvis .   a - +6 long sword of Dissatisfaction {speed, Int+2}
rCold    . . .     Gourm    .   (no shield)
rNeg     . . .     Faith    .   u - +2 robe {rF+}
rPois    .         Spirit   .   (no helmet)
rElec    .         Reflect  .   H - +2 cloak
rCorr    .         Harm     .   I - +2 pair of gloves
MR       .....                  (no boots)
Stlth    ++++......             b - amulet of the acrobat
HPRegen  0.24/turn              x - +5 ring of evasion
MPRegen  0.20/turn              (no ring)

@: paralysed, drained
A: distributed training, reduced essence, fangs 1, strong nose
a: Recall Ancestor, Ancestor Identity, Transference, Idealise, Renounce Religion


You were on level 2 of the Orcish Mines.
You worshipped Hepliaklqana.
Hepliaklqana was greatly pleased with you.
You were hungry.

You visited 2 branches of the dungeon, and saw 14 of its levels.

You collected 1406 gold pieces.

Inventory:

Hand Weapons
 a - the +6 long sword of Dissatisfaction (weapon) {speed, Int+2}
   (You found it on level 11 of the Dungeon)

   Attacks with this weapon are significantly faster.
   It affects your intelligence (+2).
 n - the +3 spear "Nenonixt" {protect, rC+ Dex+3}
   (You took it off a spriggan on level 10 of the Dungeon)

   It protects the one who uses it against injury (+AC on strike).
   It affects your dexterity (+3).
   It protects you from cold.
 t - a +3 long sword of flaming
Missiles
 e - 6 poisoned tomahawks
 p - 355 stones (quivered)
 w - 4 tomahawks of dispersal
 y - 28 tomahawks
Armour
 u - a +2 robe of fire resistance (worn)
 H - a +2 cloak (worn)
 I - a +2 pair of gloves (worn)
Jewellery
 b - an amulet of the acrobat (around neck)
 x - a +5 ring of evasion (left hand)
Wands
 d - a wand of disintegration (34)
 l - a wand of paralysis (8)
 m - a wand of digging (6)
 J - a wand of flame (25)
Scrolls
 c - 6 scrolls of remove curse
 h - 5 scrolls of teleportation
 r - a scroll of immolation
 s - a scroll of magic mapping
 B - 2 scrolls of fog
 D - a scroll of blinking
 F - a scroll of amnesia
 G - a scroll of fear {unknown}
Potions
 g - 2 potions of haste
 i - 4 potions of ambrosia
 j - 2 potions of lignification
 k - 4 potions of curing
 o - 2 potions of might
 q - 2 potions of heal wounds
 v - 2 potions of berserk rage
 z - 3 potions of flight
 A - 3 potions of brilliance
 E - a potion of magic
Comestibles
 f - 25 rations
 C - 3 chunks of flesh


   Skills:
 + Level 7.9(7.2) Fighting
 + Level 7.9(7.2) Short Blades
 + Level 7.9(7.2) Long Blades
 + Level 7.9(7.2) Axes
 + Level 7.9(7.2) Maces & Flails
 + Level 9.2(8.4) Polearms
 + Level 7.9(7.2) Staves
 + Level 7.9(7.2) Slings
 + Level 7.9(7.2) Bows
 + Level 7.9(7.2) Crossbows
 + Level 7.9(7.2) Throwing
 + Level 7.9(7.2) Armour
 + Level 8.3(7.6) Dodging
 + Level 8.3(7.6) Stealth
 + Level 7.9(7.2) Shields
 + Level 7.9(7.2) Unarmed Combat
 + Level 10.6(9.8) Spellcasting
 + Level 6.5(5.8) Conjurations
 + Level 6.5(5.8) Hexes
 + Level 6.5(5.8) Charms
 + Level 6.5(5.8) Summonings
 + Level 6.5(5.8) Necromancy
 + Level 7.6(6.9) Translocations
 + Level 6.5(5.8) Transmutations
 + Level 6.5(5.8) Fire Magic
 + Level 6.5(5.8) Ice Magic
 + Level 6.5(5.8) Air Magic
 + Level 6.5(5.8) Earth Magic
 + Level 6.5(5.8) Poison Magic
 + Level 8.6(7.9) Invocations
 + Level 8.3(7.6) Evocations


You had 14 spell levels left.
You knew the following spells:

 Your Spells              Type           Power        Failure   Level  Hunger
a - Sandblast             Erth           ####..       1%          1    None
b - Throw Frost           Conj/Ice       ####..       1%          2    None
c - Blink                 Tloc           N/A          1%          2    None
d - Magic Dart            Conj           ####         1%          1    None
e - Searing Ray           Conj           ####..       1%          2    None
f - Stone Arrow           Conj/Erth      ####..       1%          3    None
g - Passage of Golubria   Tloc           N/A          4%          4    ###....
h - Force Lance           Conj/Tloc      ####....     5%          4    ###....

Your spell library contained the following spells:

 Spells                   Type           Power        Failure   Level  Hunger
 Animate Skeleton         Necr           N/A          1%          1    None
 Apportation              Tloc           #####.       1%          1    None
 Confusing Touch          Hex            ####..       1%          1    None
 Summon Small Mammal      Summ           ####         1%          1    None
 Ensorcelled Hibernation  Hex/Ice        ####..       1%          2    None
 Shroud of Golubria       Chrm/Tloc      ####......   1%          2    None
 Dazzling Spray           Conj/Hex       ####..       1%          3    None
 Gell's Gravitas          Tloc           #####.....   1%          3    None
 Lesser Beckoning         Tloc           #####.....   1%          3    None
 Teleport Other           Tloc           #####...     1%          3    None
 Fulminant Prism          Conj/Hex       ####......   7%          4    ###....
 Iskenderun's Mystic Bla  Conj           ####....     7%          4    ###....


Dungeon Overview and Level Annotations

Branches:
Dungeon (12/15)            Temple (0/1) D:5            Lair (0/6) D:11
    Orc (2/2) D:12            Elf (0/3) Orc:2

Altars:
Elyvilon
Fedhas
Gozag
Hepliaklqana
Makhleb
Qazlal
Ru
Uskayaw
Vehumet
Wu Jian
Xom
Yredelemnul
Zin

Shops:
D:5 =*   D:8 =   D:9 (   D:11 ?*

Annotations:
D:11 3 runed translucent doors, colophon's ghost, novice KoEn


Innate Abilities, Weirdness & Mutations

Your experience applies equally to all skills.
You have very sharp teeth.
Your uncanny sense of smell can sniff out nearby items.
Your life essence is reduced to manifest your ancestor. (-10% HP)


Message History

A puff of flame appears from out of thin air!
The puff of flame hits you. You resist. The hellwing hits you.
The hellwing barely misses you.
The orc warrior throws a tomahawk.
The tomahawk hits you! The orange demon barely misses you.
The orc sorcerer casts a spell at you. The bolt of negative energy hits you!!
You feel drained.
* * * LOW HITPOINT WARNING * * *
The bolt of negative energy hits the hellwing.
The hellwing completely resists.
The hellwing completely misses you. The hellwing hits you.
* * * LOW HITPOINT WARNING * * *
The orc warrior throws a tomahawk.
The tomahawk hits Ur-Dumizida!
The orange demon stings you but does no damage.
Something hits you.
* * * LOW HITPOINT WARNING * * *
The hellwing hits you but does no damage. x2
The orc warrior throws a tomahawk.
The tomahawk hits Ur-Dumizida!
Something hits you!
You die...

###...............
##....#............
#......#.#.........
##.#...............
#..................
#..[...............
#.[.[.....#.#......
#4[(....##.........
#[@)4....#.........
##.[)[.............
#..)o.<........##..
#(.(.oRo........#..
#.....3.o....#.#...
#...>...o...##..#..
#.......##.........
#........#...#.....
##..........oo.....


You could see the friendly Ur-Dumizida the hexer, an orc warlord, an orange
demon, a hellwing, a ynoxinul, an orc sorcerer, an orc warrior, an orc priest
and an orc.

Vanquished Creatures
  A hydra (D:10)
  4 two-headed ogres
  The ghost of doot the Covert, a journeyman SpEn of Nemelex Xobeh (D:9)
  A wizard (D:12)
  3 orc sorcerers
  A gargoyle (D:11)
  2 trolls
  3 slime creatures (D:11)
  2 dream sheep (D:10)
  3 hippogriffs
  A vampire (D:8)
  8 yaks
  2 spriggans (D:10)
  A wyvern (D:11)
  6 vampire mosquitoes
  5 wargs
  A water moccasin (D:9)
  Duvessa (D:6)
  A slave (D:6)
  4 black bears
  15 orc warriors
  An ice beast (D:11)
  2 sky beasts
  An eye of draining (D:12)
  2 phantoms
  2 necrophages
  9 ogres
  2 centaurs
  2 big kobolds (D:10)
  2 bullfrogs
  Blork the orc (D:5)
  A gnoll sergeant (Orc:1)
  Dowan (D:6)
  3 scorpions
  9 killer bees
  9 wights
  A hexer (D:11)
  3 crimson imps
  2 quasits
  3 centaur zombies
  5 hounds
  3 jellies
  16 orc priests
  3 centaur skeletons
  An iguana (D:6)
  Ijyb (D:4)
  21 orc wizards
  9 worker ants
  A hound zombie (D:9)
  7 gnolls
  8 adders
  5 shadow imps
  An ooze (D:7)
  2 adder skeletons
  2 worms (D:2)
  2 dart slugs
  5 leopard geckos
  59 orcs
  A ball python (D:2)
  3 bats
  A giant cockroach (D:4)
  2 gnoll zombies (D:2)
  4 goblins
  3 hobgoblins (D:2)
  2 jackals
  6 quokkas
  3 frilled lizards
  10 kobolds
  A quokka skeleton (D:4)
  5 rats
314 creatures vanquished.

Vanquished Creatures (collateral kills)
  Erolcha (D:9)
  A death knight (D:11)
  Pikel (D:6)
  An orc knight (Orc:2)
  A centaur zombie (D:11)
  2 trolls (D:12)
  A hornet (D:10)
  A spriggan (D:10)
  2 wyverns (D:11)
  2 yaks (D:11)
  A vampire (D:11)
  A vampire mosquito (D:12)
  A warg (Orc:1)
  2 sky beasts
  2 black bears
  5 orc warriors
  A phantom (D:6)
  A wolf (D:10)
  2 centaurs
  2 ogres
  2 big kobolds
  5 wights
  2 crimson imps
  A bullfrog zombie (D:10)
  A jelly (D:11)
  2 orc priests
  3 hounds
  7 orc wizards
  A centaur skeleton (D:6)
  2 worker ants
  A howler monkey zombie (D:9)
  A worker ant zombie (D:9)
  2 adders
  A gnoll (Orc:1)
  An adder skeleton (D:8)
  A leopard gecko (D:3)
  19 orcs
  A giant cockroach (D:3)
  A hobgoblin (D:2)
  10 jackals
  2 quokkas (D:4)
  A rat (D:3)
98 creatures vanquished.

Vanquished Creatures (others)
  2 slaves (D:6)
  16 hexers
  3 ancestors
  2 fungi (D:10)
  4 plants (D:10)
27 creatures vanquished.

Grand Total: 439 creatures vanquished

Notes
Turn   | Place    | Note
-------+----------+-------------------------------------------
     0 | D:1      | troglodite the Gnoll Wanderer began the quest for the Orb.
     0 | D:1      | troglodite set off with the following items: a +0 dagger, a
                  | +0 robe, a ration; and the following spell memorised:
                  | Sandblast; and the following spells available to memorise:
                  | Blink, Gell's Gravitas, Lesser Beckoning, Teleport Other,
                  | Shroud of Golubria, Ensorcelled Hibernation, Throw Frost,
                  | Passage of Golubria, Stone Arrow
     0 | D:1      | Reached XP level 1. HP: 13/13 MP: 8/8
   695 | D:1      | Reached XP level 2. HP: 19/19 MP: 10/10
   702 | D:1      | Learned a level 2 spell: Throw Frost
   705 | D:1      | Learned a level 2 spell: Blink
  2022 | D:2      | Found a hazy altar of Hepliaklqana.
  2023 | D:2      | Found a shimmering altar of Xom.
  2024 | D:2      | Noticed a spectral ugly thing
  2105 | D:2      | Found a glowing silver altar of Zin.
  2188 | D:2      | Reached XP level 3. HP: 25/25 MP: 11/11
  2257 | D:2      | Became a worshipper of Hepliaklqana the Forgotten
  2435 | D:2      | Reached skill level 1 in Invocations
  3045 | D:2      | Found a basalt altar of Yredelemnul.
  3436 | D:3      | Reached skill level 1 in Fighting
  3436 | D:3      | Reached skill level 1 in Short Blades
  3436 | D:3      | Reached skill level 1 in Long Blades
  3436 | D:3      | Reached skill level 1 in Axes
  3436 | D:3      | Reached skill level 1 in Maces & Flails
  3436 | D:3      | Reached skill level 1 in Staves
  3436 | D:3      | Reached skill level 1 in Slings
  3436 | D:3      | Reached skill level 1 in Bows
  3436 | D:3      | Reached skill level 1 in Crossbows
  3436 | D:3      | Reached skill level 1 in Throwing
  3436 | D:3      | Reached skill level 1 in Armour
  3436 | D:3      | Reached skill level 1 in Shields
  3436 | D:3      | Reached skill level 1 in Unarmed Combat
  3436 | D:3      | Reached XP level 4. HP: 13/28 MP: 8/13
  3695 | D:3      | Found a sacrificial altar of Ru.
  4034 | D:3      | Reached skill level 1 in Conjurations
  4034 | D:3      | Reached skill level 1 in Hexes
  4034 | D:3      | Reached skill level 1 in Charms
  4034 | D:3      | Reached skill level 1 in Summonings
  4034 | D:3      | Reached skill level 1 in Necromancy
  4034 | D:3      | Reached skill level 1 in Transmutations
  4034 | D:3      | Reached skill level 1 in Fire Magic
  4034 | D:3      | Reached skill level 1 in Ice Magic
  4034 | D:3      | Reached skill level 1 in Air Magic
  4034 | D:3      | Reached skill level 1 in Earth Magic
  4034 | D:3      | Reached skill level 1 in Poison Magic
  4207 | D:3      | Reached * piety under Hepliaklqana
  4216 | D:3      | Found an ornate altar of the Wu Jian Council.
  4405 | D:3      | Found a blossoming altar of Fedhas.
  4405 | D:3      | Found an opulent altar of Gozag.
  4606 | D:4      | Reached XP level 5. HP: 23/33 MP: 8/14
  4752 | D:4      | Noticed Ijyb
  4958 | D:4      | Killed Ijyb
  4958 | D:4      | Reached XP level 6. HP: 17/39 MP: 1/16
  5360 | D:4      | Noticed a phantom
  5416 | D:4      | Killed a phantom
  5416 | D:4      | Reached skill level 5 in Polearms
  5886 | D:5      | Entered Level 5 of the Dungeon
  5938 | D:5      | Noticed Blork the orc
  5957 | D:5      | Killed Blork the orc
  5957 | D:5      | Reached XP level 7. HP: 34/45 MP: 9/18
  6138 | D:5      | Found Xoijotzi's Assorted Antiques.
  6140 | D:5      | Found a staircase to the Ecumenical Temple.
  6180 | D:5      | Found Lapnupai's Jewellery Shop.
  6308 | D:5      | Found a hide-covered altar of Uskayaw.
  6390 | D:5      | Reached ** piety under Hepliaklqana
  6391 | D:5      | Remembered your ancestor Ur-Dumizida as a hexer
  6594 | D:6      | Learned a level 1 spell: Magic Dart
  6597 | D:6      | Learned a level 2 spell: Searing Ray
  6601 | D:6      | Learned a level 3 spell: Stone Arrow
  6606 | D:6      | Learned a level 4 spell: Passage of Golubria
  6632 | D:6      | Reached XP level 8. HP: 35/51 MP: 14/19
  6823 | D:6      | Found a radiant altar of Vehumet.
  6966 | D:6      | Found an opulent altar of Gozag.
  6975 | D:6      | Noticed Duvessa
  6975 | D:6      | Noticed Dowan
  6983 | D:6      | Killed Duvessa
  6987 | D:6      | Killed Dowan
  7058 | D:6      | Reached skill level 8 in Spellcasting
  7519 | D:6      | Found a white marble altar of Elyvilon.
  7749 | D:6      | Noticed Pikel
  7772 | D:6      | Killed Pikel
  7772 | D:6      | Reached skill level 5 in Translocations
  7772 | D:6      | Reached XP level 9. HP: 34/58 MP: 16/21
  8406 | D:7      | Reached skill level 5 in Dodging
  8406 | D:7      | Reached skill level 5 in Evocations
  8597 | D:7      | Reached skill level 5 in Stealth
  8836 | D:8      | Found Nycsun's Jewellery Boutique.
  8856 | D:8      | Noticed a two-headed ogre
  8905 | D:8      | Killed a two-headed ogre
  8905 | D:8      | Reached skill level 5 in Invocations
  9380 | D:8      | Learned a level 4 spell: Force Lance
  9523 | D:8      | Reached XP level 10. HP: 41/65 MP: 12/22
 10280 | D:8      | Reached skill level 5 in Fighting
 10280 | D:8      | Reached skill level 5 in Short Blades
 10280 | D:8      | Reached skill level 5 in Long Blades
 10280 | D:8      | Reached skill level 5 in Axes
 10280 | D:8      | Reached skill level 5 in Maces & Flails
 10280 | D:8      | Reached skill level 5 in Staves
 10280 | D:8      | Reached skill level 5 in Slings
 10280 | D:8      | Reached skill level 5 in Bows
 10280 | D:8      | Reached skill level 5 in Crossbows
 10280 | D:8      | Reached skill level 5 in Throwing
 10280 | D:8      | Reached skill level 5 in Armour
 10280 | D:8      | Reached skill level 5 in Shields
 10280 | D:8      | Reached skill level 5 in Unarmed Combat
 10577 | D:8      | Found a stormy altar of Qazlal.
 10835 | D:9      | Reached *** piety under Hepliaklqana
 10879 | D:9      | Noticed Erolcha
 10891 | D:9      | Killed Erolcha
 10940 | D:9      | Reached skill level 9 in Spellcasting
 11578 | D:9      | Found a burning altar of Makhleb.
 11715 | D:9      | Noticed a two-headed ogre
 12154 | D:9      | Found Xoanor's Weapon Boutique.
 12275 | D:9      | Killed a two-headed ogre
 12490 | D:10     | Entered Level 10 of the Dungeon
 12535 | D:10     | Reached XP level 11. HP: 39/72 MP: 24/24
 13938 | D:10     | Reached skill level 5 in Conjurations
 13938 | D:10     | Reached skill level 5 in Hexes
 13938 | D:10     | Reached skill level 5 in Charms
 13938 | D:10     | Reached skill level 5 in Summonings
 13938 | D:10     | Reached skill level 5 in Necromancy
 13938 | D:10     | Reached skill level 5 in Transmutations
 13938 | D:10     | Reached skill level 5 in Fire Magic
 13938 | D:10     | Reached skill level 5 in Ice Magic
 13938 | D:10     | Reached skill level 5 in Air Magic
 13938 | D:10     | Reached skill level 5 in Earth Magic
 13938 | D:10     | Reached skill level 5 in Poison Magic
 14057 | D:10     | Noticed a two-headed hydra
 14060 | D:10     | Killed a one-headed hydra
 14070 | D:10     | Got an iridescent halberd
 14071 | D:10     | Identified the +4 halberd "Spiderbane" {chop, Dex+4} (You
                  | found it on level 10 of the Dungeon)
 14171 | D:10     | Found a runed translucent door.
 14175 | D:10     | Identified the +3 spear "Nenonixt" {protect, rC+ Dex+3}
 14179 | D:10     | Noticed doot's ghost (journeyman SpEn)
 14179 | D:10     | Noticed a spriggan rider
 14567 | D:9      | Killed doot's ghost
 14839 | D:11     | Noticed a two-headed ogre
 14928 | D:11     | Found a staircase to the Lair.
 15491 | D:10     | Killed a two-headed ogre
 15729 | D:11     | Reached XP level 12. HP: 47/80 MP: 25/25
 16083 | D:11     | Found Luowk's Magic Scroll Shop.
 16084 | D:11     | Noticed a death knight
 16317 | D:11     | Found a runed translucent gate.
 16317 | D:11     | Found a runed translucent gate.
 16320 | D:11     | Found a runed translucent gate.
 16357 | D:11     | Reached skill level 10 in Spellcasting
 16406 | D:11     | Noticed an ettin
 16406 | D:11     | Noticed colophon's ghost (novice KoEn)
 16410 | D:11     | Reached **** piety under Hepliaklqana
 16413 | D:11     | Noticed a two-headed ogre
 16581 | D:11     | Got a pitted long sword
 16582 | D:11     | Identified the +6 long sword of Dissatisfaction {speed,
                  | Int+2} (You found it on level 11 of the Dungeon)
 16778 | D:11     | Found Orulloph's Assorted Antiques.
 17185 | D:11     | Killed a death knight
 17451 | D:12     | Found a staircase to the Orcish Mines.
 17981 | D:12     | Noticed a two-headed ogre
 17993 | D:12     | Killed a two-headed ogre
 18872 | Orc:1    | Entered Level 1 of the Orcish Mines
 19589 | Orc:2    | Entered Level 2 of the Orcish Mines
 19589 | Orc:2    | Found a staircase to the Elven Halls.
 20387 | Orc:2    | Reached XP level 13. HP: 88/88 MP: 27/27
 22052 | Orc:2    | Noticed an orc warlord
 22077 | Orc:2    | Paralysed by an orc sorcerer for 6 turns
 22082 | Orc:2    | Slain by an orc wizard

Skill      XL: |  1  2  3  4  5  6  7  8  9 10 11 12 |
---------------+-------------------------------------+-----
Invocations    | 1 2 3 4 5 6 7 8 |  8.6
Fighting       | 1 2 4 5 6 7 |  7.9
Short Blades   | 1 2 4 5 6 7 |  7.9
Long Blades    | 1 2 4 5 6 7 |  7.9
Axes           | 1 2 4 5 6 7 |  7.9
Maces & Flails | 1 2 4 5 6 7 |  7.9
Staves         | 1 2 4 5 6 7 |  7.9
Slings         | 1 2 4 5 6 7 |  7.9
Bows           | 1 2 4 5 6 7 |  7.9
Crossbows      | 1 2 4 5 6 7 |  7.9
Throwing       | 1 2 4 5 6 7 |  7.9
Armour         | 1 2 4 5 6 7 |  7.9
Shields        | 1 2 4 5 6 7 |  7.9
Unarmed Combat | 1 2 4 5 6 7 |  7.9
Conjurations   | 1 2 3 4 5 6 |  6.5
Hexes          | 1 2 3 4 5 6 |  6.5
Charms         | 1 2 3 4 5 6 |  6.5
Summonings     | 1 2 3 4 5 6 |  6.5
Necromancy     | 1 2 3 4 5 6 |  6.5
Transmutations | 1 2 3 4 5 6 |  6.5
Fire Magic     | 1 2 3 4 5 6 |  6.5
Ice Magic      | 1 2 3 4 5 6 |  6.5
Air Magic      | 1 2 3 4 5 6 |  6.5
Earth Magic    | 1 2 3 4 5 6 |  6.5
Poison Magic   | 1 2 3 4 5 6 |  6.5
Dodging        | 3 4 5 6 7 8 |  8.3
Translocations | 4 5 6 7 |  7.6
Evocations     | 3 4 5 6 7 8 |  8.3
Stealth        | 3 4 5 6 7 8 |  8.3
Polearms       | 5 6 7 8 9 |  9.2
Spellcasting   | 8 9 10 | 10.6

Action                   |  1- 3 |  4- 6 |  7- 9 | 10-12 | 13-15 || total
-------------------------+-------+-------+-------+-------+-------++-------
Melee: Dagger            |    90 |     4 |       |       |       ||    94
       Bite              |     8 |     7 |    53 |   164 |    13 ||   245
       Long sword        |       |    62 |     3 |   331 |   105 ||   501
       Halberd           |       |       |    15 |    34 |       ||    49
       Spear             |       |       |   341 |   907 |       ||  1248
       Punch             |       |       |     4 |    49 |     4 ||    57
 Cast: Throw Frost       |    15 |    22 |    11 |     1 |       ||    49
       Sandblast         |     3 |    12 |       |       |       ||    15
       Passage of Golubr |       |       |     1 |       |       ||     1
       Force Lance       |       |       |       |    15 |       ||    15
       Searing Ray       |       |       |       |     1 |     3 ||     4
       Stone Arrow       |       |       |       |     8 |       ||     8
       Magic Dart        |       |       |       |     7 |       ||     7
Invok: Recall Ancestor   |       |     1 |       |     3 |     2 ||     6
       Ancestor Life: He |       |       |     1 |       |       ||     1
  Use: Scroll            |       |     6 |     6 |    17 |       ||    29
 Stab: Sleeping          |     3 |     6 |     9 |    10 |     1 ||    29
       Distracted        |       |       |     6 |    19 |     3 ||    28
       Confused          |       |       |     5 |    20 |     3 ||    28
  Eat: Chunk             |     8 |     8 |    10 |    25 |     2 ||    53
       Ration            |       |       |       |     4 |     1 ||     5
Armor: Robe              |    11 |     7 |    20 |   154 |    19 ||   211
Dodge: Dodged            |    56 |    50 |   227 |  1041 |   107 ||  1481
       Rpst.: Long sword |       |    15 |     5 |    86 |    23 ||   129
